 Dungeon Crawl Stone Soup version 0.22.1-1-ga44c0e5 (webtiles) character file.

202 sking99 the Insei (level 5, -1/35 HPs)
             Began as an Octopode Transmuter on Oct 16, 2018.
             Was an Initiate of Gozag.
             Killed by divine providence
             ... invoked by an orc priest
              (10 damage)
             ... on level 4 of the Dungeon.
             The game lasted 00:08:55 (3870 turns).

sking99 the Insei (Octopode Transmuter)             Turns: 3870, Time: 00:08:55

Health: -1/35      AC:  2    Str: 10    XL:     5   Next: 80%
Magic:  2/8        EV: 20    Int: 15    God:    Gozag
Gold:   167        SH:  0    Dex: 18    Spells: 2/8 levels left

rFire    . . .     SeeInvis .     - Unarmed
rCold    . . .     Gourm    .   (shield currently unavailable)
rNeg     . . .     Faith    .   (helmet currently unavailable)
rPois    x         Spirit   .   (no amulet)
rElec    .         Reflect  .   (no ring)
rCorr    .         Harm     .   (no ring)
MR       .....                  (no ring)
Stlth    ++........             (no ring)
HPRegen  0.11/turn              (no ring)
MPRegen  0.11/turn              (no ring)
                                (no ring)
                                (no ring)

@: spider-form (expiring), very slightly contaminated
A: tiny, almost no armour, stealthy swim, (amphibious), 8 rings, (constrict 8)
a: End Transformation, Potion Petition, Call Merchant, Bribe Branch, Renounce
Religion


You were on level 4 of the Dungeon.
You worshipped Gozag.
Gozag was aware of your devotion.
You were hungry.
You were a venomous arachnid creature.
You visited 1 branch of the dungeon, and saw 4 of its levels.

You collected 191 gold pieces.
You paid 24 gold pieces to Gozag.

Inventory:

Missiles
 a - 10 arrows
Jewellery
 f - an uncursed ring of protection from cold {unknown}
 l - an uncursed amulet of rage {unknown}
 m - a cursed ring of teleportation {unknown}
Scrolls
 b - a scroll of magic mapping {unknown}
Potions
 g - 2 potions of resistance
 h - a potion of haste {unknown}
 j - a potion of agility {unknown}
 k - a potion of invisibility {unknown}
 n - a potion of brilliance {unknown}
 p - 2 potions of flight
 q - a potion of degeneration {unknown}
Comestibles
 c - 8 rations


   Skills:
 - Level 2.7 Fighting
 - Level 2.0 Dodging
 - Level 4.0 Unarmed Combat
 - Level 2.0 Spellcasting
 + Level 3.8 Transmutations
 - Level 2.0 Poison Magic


You had 2 spell levels left.
You knew the following spells:

 Your Spells              Type           Power        Failure   Level  Hunger
a - Beastly Appendage     Tmut           ##....       14%         1    #......
b - Sticks to Snakes      Tmut           ##......     19%         2    ###....
c - Spider Form           Tmut/Pois      ##........   41%         3    ###....

Your spell library contained the following spells:

 Spells                   Type           Power        Failure   Level  Hunger
 Ice Form                 Ice/Tmut       #.......     86%         4    #####..
 Blade Hands              Tmut           ##........   90%         5    ######.


Dungeon Overview and Level Annotations

Branches:
Dungeon (4/15)
 Temple: D:4-7

Altars:
Cheibriados
Dithmenos
Gozag


Innate Abilities, Weirdness & Mutations

You cannot wear most types of armour.
You are very stealthy in the water. (Stealth+)
((You are amphibious.))
You can wear up to eight rings at the same time.
((You can use your tentacles to constrict eight enemies at once.))
((Your skin changes colour to match your surroundings (Stealth+).))
((Your rubbery body absorbs attacks. (AC +1, EV +1)))


Message History

The orc priest calls down the wrath of Beogh upon you.
Beogh smites you!
* * * LOW HITPOINT WARNING * * *
The orc barely misses you.
You hit the orc priest but do no damage.
The orc priest looks as sick as possible!
The orc priest is heavily wounded.
The orc priest misses you.
You hit the orc priest.
The orc priest looks as sick as possible!
The orc priest is almost dead.
The orc priest completely misses you.
You hit the orc priest but do no damage.
The orc priest looks as sick as possible!
The orc priest is almost dead.
Your transformation is almost over.
The orc priest calls down the wrath of Beogh upon you.
Beogh smites you!
You die...
Your body crumbles into a pile of gold.

#.##.....##............#
#.###...###.......#.##.#
..# ##.##
#..[....#.##.## ### #.#
######........# #.#
#.##..#..# #+#
#.###.#..# ...
###.###.#..# ....
#..........# .....
###s#........#
......#oo.#...#.####
......'o#####...#
...$..#...#...### .....
###.#.### .... #...# ...
##.## #+ #.# #.#


You could see an orc priest and 2 orcs.

Vanquished Creatures
  A crimson imp (D:2)
  Crazy Yiuf (D:2)
  4 gnolls (D:2)
  4 adders
  2 worms (D:2)
  3 dart slugs
  2 leopard geckos
  3 orcs (D:4)
  5 bats
  3 giant cockroaches (D:2)
  5 hobgoblins
  6 kobolds
  3 quokkas (D:2)
  4 frilled lizards
  9 goblins
  4 rats
59 creatures vanquished.

Notes
Turn   | Place    | Note
-------+----------+-------------------------------------------
     0 | D:1      | sking99 the Octopode Transmuter began the quest for the
                  | Orb.
     0 | D:1      | Reached XP level 1. HP: 13/13 MP: 3/3
   261 | D:1      | Reached XP level 2. HP: 18/18 MP: 1/5
   346 | D:1      | Learned a level 2 spell: Sticks to Snakes
   763 | D:2      | Noticed a crimson imp
  1252 | D:2      | Reached XP level 3. HP: 19/24 MP: 6/6
  1368 | D:2      | Found a shadowy altar of Dithmenos.
  1389 | D:2      | Reached XP level 4. HP: 22/29 MP: 4/7
  1623 | D:2      | Reached skill level 4 in Unarmed Combat
  1623 | D:2      | Reached XP level 5. HP: 16/35 MP: 6/8
  1882 | D:2      | Found a faded altar of an unknown god.
  2012 | D:2      | Learned a level 3 spell: Spider Form
  2140 | D:2      | Found a runed door.
  2226 | D:2      | Found a snail-covered altar of Cheibriados.
  2475 | D:2      | Noticed Crazy Yiuf
  2482 | D:2      | Killed Crazy Yiuf
  2482 | D:2      | Reached skill level 1 in Poison Magic
  3131 | D:3      | Found an opulent altar of Gozag.
  3167 | D:3      | Became a worshipper of Gozag Ym Sagoz the Greedy
  3870 | D:4      | Killed from afar by an orc priest

Skill      XL: |  1  2  3  4  5 |
---------------+----------------+-----
Fighting       | 2 |  2.7
Transmutations | 3 |  3.8
Unarmed Combat | 4 |  4.0
Poison Magic   | 2 |  2.0
Dodging        | |  2.0
Spellcasting   | |  2.0

Action                   |  1- 3 |  4- 6 || total
-------------------------+-------+-------++-------
Melee: Unarmed           |    75 |    92 ||   167
       Tentacles         |    14 |    10 ||    24
       Constrict         |    18 |    15 ||    33
       Kick              |    17 |    11 ||    28
       Punch             |     1 |       ||     1
 Cast: Beastly Appendage |    13 |     6 ||    19
       Sticks to Snakes  |     1 |     1 ||     2
       Spider Form       |       |     8 ||     8
  Use: Scroll            |       |     8 ||     8
 Stab: Sleeping          |     1 |     2 ||     3
       Distracted        |     1 |       ||     1
  Eat: Chunk             |     2 |     5 ||     7
       Ration            |       |     1 ||     1
Armor: Skin              |     6 |     5 ||    11
Dodge: Dodged            |    39 |    40 ||    79
